 Dungeon Crawl Stone Soup version 0.17-a0-2093-gc772f4b (webtiles) character file.

8 ololoev the Firebug (level 2, 8/19 HPs)
             Began as a Demonspawn Fire Elementalist on Oct 16, 2015.
             Quit the game on level 1 of the Dungeon.
             The game lasted 00:00:56 (156 turns).

ololoev the Firebug (Demonspawn Fire Elementalist)   Turns: 156, Time: 00:00:56

Health: 8/19       AC:  2    Str:  8    XL:     2   Next: 0%
Magic:  2/5        EV: 12    Int: 16    God:
Gold:   31         SH:  0    Dex: 13    Spells: 1 memorised, 4 levels left

rFire  . . .     SeeInvis .     g - +0 spear
rCold  . . .     Clarity  .     a - +0 robe
rNeg   . . .     SustAt   .     (no shield)
rPois  .         Gourm    .     (no helmet)
rElec  .         Spirit   .     (no cloak)
rCorr  .         Warding  .     (no gloves)
rMut   .         Stasis   .     (no boots)
MR     .....                    (no amulet)
Stlth  ++........               (no ring)
                                (no ring)

@: not resistant to hostile enchantments, unstealthy
A: talons 1
a: no special abilities


Innate Abilities, Weirdness & Mutations

You have sharp toenails.

Inventory:

Hand Weapons
 g - a +0 spear (weapon)
Armour
 a - a +0 robe (worn)
Scrolls
 d - 2 scrolls of identify {unknown}
 e - a scroll of remove curse {unknown}
Books
 b - a book of Flames

   Spells                             Type                      Level
   a - Flame Tongue                   Conjuration/Fire             1
   b - Throw Flame                    Conjuration/Fire             2
   c - Conjure Flame                  Conjuration/Fire             3
   d - Inner Flame                    Hexes/Fire                   3
   e - Sticky Flame                   Conjuration/Fire             4
   f - Fireball                       Conjuration/Fire             5
Comestibles
 c - a bread ration
 f - 3 chunks of flesh


   Skills:
 - Level 1.7 Dodging
 - Level 1.7 Stealth
 + Level 2.1 Spellcasting
 * Level 1.4 Conjurations
 + Level 2.9 Fire Magic


You had 4 spell levels left.
You knew the following spells:

 Your Spells              Type           Power        Failure   Level  Hunger
a - Flame Tongue          Conj/Fire      #....        10%         1    #......


You were on level 1 of the Dungeon.
You were not hungry.

You visited 1 branch of the dungeon, and saw 1 of its levels.

You collected 31 gold pieces.

#.######..
..############..
..##...........#
..#................
.........(.....#.#.
..................
................#
...>............#####
...........[....@...#
.#..............#.#.#
.#.....>.........†..#
.....>..######..#.#.#
##......# #......#
#......# #...####
######## #####

Notes
Turn   | Place    | Note
--------------------------------------------------------------
     0 | D:1      | ololoev the Demonspawn Fire Elementalist began the quest for the Orb.
     0 | D:1      | Reached XP level 1. HP: 13/13 MP: 3/3
   142 | D:1      | Gained mutation: You have sharp toenails. [demonic ancestry]
   142 | D:1      | Reached XP level 2. HP: 7/19 MP: 0/5
   156 | D:1      | Quit the game

Dungeon Overview and Level Annotations

Branches:
Dungeon (1/15)

Altars:


Message History

Aim: an ooze (heavily wounded)
The flame tongue hits the ooze.
The ooze is severely wounded.
Casting: Flame Tongue
Confirm with . or Enter, or press ? or * to list all spells.
Aiming: Flame Tongue
Press: ? - help, Shift-Dir - straight line, f/p - ooze
Aim: an ooze (severely wounded)
You miscast Flame Tongue.
You are very lightly contaminated with residual magic.
Heat runs through your body. The ooze hits you.
You hit the ooze but do no damage.
The ooze is severely wounded.
The ooze hits you.
You barely miss the ooze.
The ooze is severely wounded.
The ooze closely misses you.
You hit the ooze but do no damage.
The ooze is severely wounded.
The ooze hits you.
You are too injured to fight recklessly!
You are too injured to fight recklessly!
You are too injured to fight recklessly!
You hit the ooze but do no damage.
The ooze is severely wounded.
The ooze closely misses you. The ooze hits you.
You barely miss the ooze.
The ooze is severely wounded.
The ooze barely misses you.
You barely miss the ooze.
The ooze is severely wounded.
The ooze closely misses you.
You hit the ooze.
You kill the ooze!
You have reached level 2!
Your demonic ancestry asserts itself...
Your toenails lengthen and sharpen.
You start resting.
Your magical contamination has completely faded away.
Are you sure you want to abandon this character and quit the game? (Confirm with "yes".)

There were no monsters in sight!

Vanquished Creatures
  An ooze (D:1)
  A bat (D:1)
  2 jackals (D:1)
  A rat (D:1)
5 creatures vanquished.

Action                   || total
-------------------------++-------
Melee: Spear             ||     7
 Cast: Flame Tongue      ||     7

Vault maps used:
D:1:      dpeg_arrival_sounds_slurp, serial_glass, glass_columns_c,
          glass_columns_a, glass_columns_a, glass_columns_c, glass_columns_a,
          glass_columns_a, glass_columns_c, glass_columns_a, glass_columns_a,
          glass_columns_a, glass_columns_a, glass_columns_b, glass_columns_a,
          glass_columns_a, hex_tiny
